 Dungeon Crawl Stone Soup version 0.22.0-1-g6561e4c (webtiles) character file.

3051 sking99 the Martial Artist (level 9, -1/62 HPs)
             Began as an Octopode Transmuter on Aug 12, 2018.
             Was an Initiate of Gozag.
             Slain by a hell hound (8 damage)
             ... on level 9 of the Dungeon.
             The game lasted 00:20:47 (9265 turns).

sking99 the Martial Artist (Octopode Transmuter)    Turns: 9265, Time: 00:20:48

Health: -1/62      AC:  2    Str:  9    XL:     9   Next: 87%
Magic:  17/17      EV: 14    Int: 16    God:    Gozag
Gold:   1007       SH:  0    Dex: 15    Spells: 9/19 levels left

rFire    . . .     SeeInvis .     - Unarmed
rCold    . . .     Gourm    .   (no shield)
rNeg     . . .     Faith    .   (helmet restricted)
rPois    .         Spirit   .   (no amulet)
rElec    .         Reflect  .   d - +1 ring of protection
rCorr    .         Harm     .   q - ring of wizardry
MR       .....                  (no ring)
Stlth    ++........             (no ring)
HPRegen  0.20/turn              (no ring)
MPRegen  0.15/turn              (no ring)
                                (no ring)
                                (no ring)

@: gold aura, slowed, very slow
A: almost no armour, stealthy swim, amphibious, 8 rings, constrict 8, camouflage
1, gelatinous body 1
a: Potion Petition, Call Merchant, Bribe Branch, Renounce Religion


You were on level 9 of the Dungeon.
You worshipped Gozag.
Gozag was most pleased with you.
You were not hungry.

You visited 1 branch of the dungeon, and saw 9 of its levels.

You collected 1061 gold pieces.
You paid 54 gold pieces to Gozag.

Inventory:

Missiles
 a - 83 arrows
 t - 2 throwing nets (quivered)
Jewellery
 d - a +1 ring of protection (left tentacle)
 q - a ring of wizardry (right tentacle)
 B - an uncursed amulet of magic regeneration {unknown}
Wands
 e - a wand of clouds (4)
 i - a wand of iceblast (22)
 v - a wand of enslavement (8)
 A - a wand of paralysis (14)
Scrolls
 b - a scroll of enchant weapon {unknown}
 h - 3 scrolls of remove curse
 j - 3 scrolls of teleportation {unknown}
 k - a scroll of enchant armour {unknown}
 l - a scroll of fear {unknown}
 m - 6 scrolls of amnesia {unknown}
 o - a scroll of magic mapping {unknown}
 u - 2 scrolls of identify
 y - a scroll of immolation {unknown}
Potions
 f - 5 potions of curing
 g - a potion of agility
 n - 2 potions of brilliance
 p - a potion of magic {unknown}
 r - a potion of heal wounds {unknown}
 s - 2 potions of haste
 w - a potion of mutation {unknown}
 x - a potion of lignification {unknown}
 z - a potion of invisibility {unknown}
Comestibles
 c - 4 rations


   Skills:
 - Level 6.1 Fighting
 - Level 2.5 Dodging
 + Level 8.8 Unarmed Combat
 - Level 5.5 Spellcasting
 + Level 5.7 Transmutations
 - Level 2.0 Ice Magic
 - Level 2.0 Poison Magic


You had 9 spell levels left.
You knew the following spells:

 Your Spells              Type           Power        Failure   Level  Hunger
a - Beastly Appendage     Tmut           ###...       1%          1    None
b - Sticks to Snakes      Tmut           ###.....     1%          2    #......
c - Spider Form           Tmut/Pois      ###.......   3%          3    ###....
d - Ice Form              Ice/Tmut       ###.....     12%         4    ####...

Your spell library contained the following spells:

 Spells                   Type           Power        Failure   Level  Hunger
 Blade Hands              Tmut           ###.......   16%         5    ######.


Dungeon Overview and Level Annotations

Branches:
Dungeon (9/15)             Temple (0/1) D:7
   Lair: D:8-11         Orc: D:9-12

Altars:
Fedhas
Gozag
Hepliaklqana
Nemelex Xobeh
Okawaru
Qazlal
Sif Muna
Trog
Wu Jian
Xom
Yredelemnul
The Shining One


Innate Abilities, Weirdness & Mutations

You cannot wear most types of armour.
You are very stealthy in the water. (Stealth+)
You are amphibious.
You can wear up to eight rings at the same time.
You can use your tentacles to constrict eight enemies at once.
Your skin changes colour to match your surroundings (Stealth+).
Your rubbery body absorbs attacks. (AC +1, EV +1)


Message History

You hit the hell hound.
The hell hound is lightly wounded.
The hell hound breathes flames at you. The blast of flame hits you!
* * * LOW HITPOINT WARNING * * *
The hell hound closely misses you.
You hit the hell hound.
The hell hound is moderately wounded.
The hell hound completely misses you. The hell hound barely misses you.
You bite the hell hound!
The hell hound is severely wounded.
Your transformation has ended.
The hell hound bites you!
* * * LOW HITPOINT WARNING * * *
The hell hound completely misses you.
You miss the hell hound. You grab the hell hound.
The hell hound is severely wounded.
You constrict the hell hound. The hell hound bites you!
You die...
Your body crumbles into a pile of gold.

#...# ..#
#...# ..#
#...# ..#
$ #...#
..# $
#...# ?.#
#...# ..#
#.$.###..#
#.<..h@..#
#..####..#
#..# ..#
#..# ..#
#..# ..#
#..# ..#
#..# ...
#..# ...


You could see a hell hound.

Vanquished Creatures
  Erica (D:9)
  A hippogriff (D:8)
  Sigmund (D:5)
  Eustachio (D:5)
  A hungry ghost (D:7)
  Grum (D:8)
  An ice beast (D:8)
  2 ogres
  A phantom (D:4)
  2 wolves (D:8)
  2 scorpions (D:4)
  2 howler monkeys
  3 crimson imps
  A quasit (D:7)
  4 jellies
  2 bullfrog skeletons
  3 hounds
  2 orc priests (D:7)
  2 centaur skeletons
  Ijyb (D:5)
  Jessica (D:3)
  Terence (D:2)
  An iguana (D:6)
  3 orc wizards
  5 worker ants
  2 adders
  A shadow imp (D:8)
  4 oozes
  2 adder zombies
  3 adder skeletons
  A dart slug (D:1)
  3 worms (D:3)
  6 leopard geckos
  12 orcs
  2 giant cockroaches (D:1)
  4 goblins
  9 hobgoblins
  7 jackals
  7 kobolds
  5 quokkas
  8 bats
  13 frilled lizards
  2 jackal zombies (D:7)
  A leopard gecko skeleton (D:4)
  A quokka skeleton (D:6)
  7 rats
145 creatures vanquished.

Vanquished Creatures (collateral kills)
  A goblin (D:2)
  A hobgoblin (D:2)
  A kobold (D:2)
3 creatures vanquished.

Grand Total: 148 creatures vanquished

Notes
Turn   | Place    | Note
-------+----------+-------------------------------------------
     0 | D:1      | sking99 the Octopode Transmuter began the quest for the Orb.
     0 | D:1      | Reached XP level 1. HP: 13/13 MP: 3/3
   361 | D:1      | Reached XP level 2. HP: 15/18 MP: 3/5
   714 | D:1      | Learned a level 2 spell: Sticks to Snakes
   784 | D:1      | Reached XP level 3. HP: 24/24 MP: 3/6
   802 | D:1      | Learned a level 3 spell: Spider Form
  1597 | D:2      | Noticed Terence
  1614 | D:2      | Killed Terence
  1614 | D:2      | Reached skill level 1 in Poison Magic
  1614 | D:2      | Reached XP level 4. HP: 5/29 MP: 0/7
  2331 | D:2      | Found a glowing golden altar of the Shining One.
  2423 | D:3      | Reached skill level 4 in Unarmed Combat
  2750 | D:3      | Found an opulent altar of Gozag.
  2884 | D:3      | Noticed Jessica
  2901 | D:3      | Killed Jessica
  2901 | D:3      | Reached XP level 5. HP: 31/34 MP: 2/8
  2933 | D:3      | Became a worshipper of Gozag Ym Sagoz the Greedy
  3225 | D:3      | Found an ornate altar of the Wu Jian Council.
  3397 | D:3      | You fall through a shaft for 3 floors!
  3481 | D:5      | Entered Level 5 of the Dungeon
  3499 | D:5      | Noticed Eustachio
  3521 | D:5      | Killed Eustachio
  3521 | D:5      | Reached XP level 6. HP: 33/39 MP: 8/10
  3736 | D:4      | Found a basalt altar of Yredelemnul.
  3742 | D:4      | Reached skill level 5 in Unarmed Combat
  4143 | D:4      | Reached XP level 7. HP: 45/45 MP: 8/12
  4403 | D:4      | Found an iron altar of Okawaru.
  4890 | D:4      | Found a stormy altar of Qazlal.
  5003 | D:5      | Noticed Sigmund
  5015 | D:5      | Killed Sigmund
  5030 | D:5      | Reached XP level 8. HP: 42/54 MP: 9/14
  5040 | D:5      | Reached skill level 6 in Unarmed Combat
  5362 | D:5      | Found a stormy altar of Qazlal.
  5368 | D:5      | Found a blossoming altar of Fedhas.
  5386 | D:5      | Noticed Ijyb
  5397 | D:5      | Killed Ijyb
  5489 | D:5      | Found a hazy altar of Hepliaklqana.
  6096 | D:6      | Found a deep blue altar of Sif Muna.
  6583 | D:6      | Found a bloodstained altar of Trog.
  6851 | D:6      | Reached skill level 5 in Fighting
  7264 | D:7      | Reached skill level 7 in Unarmed Combat
  7502 | D:7      | Found a sparkling altar of Nemelex Xobeh.
  7542 | D:7      | Found a staircase to the Ecumenical Temple.
  7807 | D:7      | Reached XP level 9. HP: 60/62 MP: 12/15
  8058 | D:7      | Learned a level 4 spell: Ice Form
  8523 | D:8      | Noticed Grum
  8526 | D:8      | Reached skill level 8 in Unarmed Combat
  8526 | D:8      | Reached skill level 1 in Ice Magic
  8699 | D:8      | Killed Grum
  8838 | D:8      | Found a shimmering altar of Xom.
  9239 | D:9      | Noticed Erica
  9256 | D:9      | Killed Erica
  9256 | D:9      | Reached skill level 5 in Spellcasting
  9256 | D:9      | Reached skill level 5 in Transmutations
  9265 | D:9      | Slain by a hell hound

Skill      XL: |  1  2  3  4  5  6  7  8  9 |
---------------+----------------------------+-----
Poison Magic   | 1 2 |  2.0
Unarmed Combat | 4 5 7 8 |  8.8
Spellcasting   | 3 4 5 |  5.5
Transmutations | 3 4 5 |  5.7
Fighting       | 2 3 6 |  6.1
Ice Magic      | 2 |  2.0
Dodging        | |  2.5

Action                   |  1- 3 |  4- 6 |  7- 9 || total
-------------------------+-------+-------+-------++-------
Melee: Unarmed           |    73 |   122 |   290 ||   485
       Constrict         |    24 |    24 |    26 ||    74
       Kick              |    14 |     8 |       ||    22
       Tentacles         |    11 |    19 |    27 ||    57
       Punch             |       |     3 |     5 ||     8
 Cast: Beastly Appendage |    15 |     4 |       ||    19
       Sticks to Snakes  |     3 |       |     2 ||     5
       Spider Form       |       |     3 |    21 ||    24
Invok: Potion Petition   |       |       |     1 ||     1
  Use: Scroll            |     3 |     2 |       ||     5
       Potion            |       |       |     1 ||     1
 Stab: Sleeping          |     4 |     3 |     5 ||    12
       Distracted        |       |       |     1 ||     1
  Eat: Chunk             |     2 |     6 |       ||     8
       Ration            |       |     1 |     6 ||     7
Armor: Skin              |     4 |     8 |    21 ||    33
Dodge: Dodged            |    38 |    71 |   210 ||   319
